 Dungeon Crawl Stone Soup version 0.30-a0-881-g1ff12e1e11 (webtiles) character file.

Game seed: 13790751274508587659

3112 avis the Martial Artist (level 9, -1/111 HPs)
             Began as a Hill Orc Transmuter on Mar 13, 2023.
             Was a Follower of Beogh.
             Slain by a killer bee (5 damage)
             ... on level 8 of the Dungeon on Mar 14, 2023.
             The game lasted 00:55:27 (10101 turns).

avis the Martial Artist (Hill Orc Transmuter)      Turns: 10101, Time: 00:55:29

Health: -1/111     AC: 24    Str: 13    XL:     9   Next: 91%
Magic:  13/13      EV:  2    Int: 15    God:    Beogh [*.....]
Gold:   428        SH:  0    Dex: 13    Spells: 4/14 levels left

rFire   + . .      SeeInvis +    b - +0 arbalest
rCold   + . .      Faith    .    (shield currently unavailable)
rNeg    . . .      Spirit   .    k - melded +0 robe
rPois   +          Reflect  .    (helmet currently unavailable)
rElec   +          Rampage  .    n - melded +0 cloak
rCorr   +          NoTele   +    (gloves currently unavailable)
Will    .....                    (boots currently unavailable)
Stlth   ++                       (no amulet)
HPRegen 0.38/turn                l - ring of wizardry
MPRegen 0.13/turn                v - ring of see invisible

@: tree-form, resistant, studying Maces & Flails
A: stationary, stasis, torment immunity, boosted hp
a: Renounce Religion


You were on level 8 of the Dungeon.
You worshipped Beogh.
Beogh was aware of your devotion.
You were a tree.
You visited 2 branches of the dungeon, and saw 9 of its levels.

You collected 428 gold pieces.

Inventory:

Hand Weapons
 b - a +0 arbalest (weapon)
 c - a +2 flail of draining
 w - a +0 dagger of venom
 F - a +2 mace of protection
 J - a +0 halberd
 L - a +2 falchion of freezing
Missiles
 p - 16 poisoned darts
 G - 2 boomerangs
 H - 3 javelins
Armour
 k - a +0 robe (melded)
 n - a +0 cloak (melded)
Magical Staves
 a - a staff of poison
 K - a staff of earth
Jewellery
 l - a ring of wizardry (left branch)
 v - a ring of see invisible (right branch)
Wands
 r - a wand of flame (27)
 z - a wand of iceblast (7)
 B - a wand of charming (6)
 M - a wand of acid (11)
Scrolls
 g - 2 scrolls of fear {unknown}
 i - a scroll of silence {unknown}
 j - a scroll of vulnerability {unknown}
 o - a scroll of noise {unknown}
 q - a scroll of immolation {unknown}
 t - 2 scrolls of enchant weapon {unknown}
 u - 2 scrolls of teleportation {unknown}
 x - 2 scrolls of amnesia
 C - 2 scrolls of acquirement {unknown}
 D - 2 scrolls of poison {unknown}
Potions
 d - a potion of curing
 e - a potion of resistance
 f - a potion of ambrosia
 h - 4 potions of flight
 m - 2 potions of attraction
 s - a potion of degeneration {unknown}
 y - 2 potions of lignification
 A - a potion of mutation {unknown}
 E - a potion of berserk rage {unknown}


   Skills:
 - Level 5.0 Fighting
 - Level 3.0 Dodging
 - Level 3.0 Stealth
 - Level 10.0 Unarmed Combat
 - Level 3.0 Spellcasting
 - Level 4.0 Transmutations
 - Level 4.0 Ice Magic
 - Level 1.0 Poison Magic
 + Level 3.8 Invocations


You had 4 spell levels left.
You knew the following spells:

 Your Spells              Type           Power      Damage    Failure   Level
a - Beastly Appendage     Tmut           28%        N/A       1%          1
e - Wereblood             Tmut           14%        N/A       2%          2
p - Spider Form           Tmut/Pois      9%         N/A       9%          3
q - Ice Form              Ice/Tmut       14%        N/A       16%         4

Your spell library contained the following spells:

 Spells                   Type           Power      Damage    Failure   Level
 Freeze                   Ice            56%        1d7       1%          1
 Frozen Ramparts          Ice            28%        1d5       4%          3
 Hailstorm                Conj/Ice       8%         3d4       11%         3
 Ignite Poison            Fire/Tmut/Pois 7%         N/A       12%         3
 Kindle Blastsparks       Fire/Tloc/Air  4%         2d10      24%         3
 Tukima's Dance           Hex            2%         N/A       24%         3
 Passage of Golubria      Tloc           2%         N/A       58%         4
 Yara's Violent Unravell  Hex/Tmut       4%         3d4       65%         5
 Freezing Cloud           Conj/Ice/Air   3%         6-21      75%         5


Dungeon Overview and Level Annotations

Branches:
Dungeon (8/15)             Temple (1/1) D:4
   Lair: D:8-11

Altars:
Ashenzari
Cheibriados
Dithmenos
Elyvilon
Fedhas
Gozag
Hepliaklqana
Kikubaaqudgha
Makhleb
Nemelex Xobeh
Okawaru
Qazlal
Ru
Sif Muna
Trog
Uskayaw
Vehumet
Wu Jian
Xom
Yredelemnul
Zin
The Shining One

Annotations:
D:2 1 runed translucent door, exclusion: door, Crazy Yiuf


Message History

The killer bee barely misses you.
The killer bee stings you but does no damage. x6
Fire: b) +0 arbalest
Press: ? - help, Q - select action, (/) - cycle Shift-Dir - straight line, f/p - killer bee
Aim: a killer bee (almost dead, 16% to hit)
You shoot a bolt. The bolt hits the killer bee!
You kill the killer bee!
Beogh accepts your kill.
The killer bee stings you but does no damage. x3
The killer bee stings you.
* * * LOW HITPOINT WARNING * * *
The killer bee stings you but does no damage. x2
The killer bee stings you.
* * * LOW HITPOINT WARNING * * *
The killer bee stings you but does no damage. x2
The killer bee stings you!
* * * LOW HITPOINT WARNING * * *
The killer bee stings you but does no damage. x2
Fire: b) +0 arbalest
Press: ? - help, Q - select action, (/) - cycle Shift-Dir - straight line, f - killer bee
Aim: a killer bee (16% to hit)
You shoot a bolt. The bolt misses the killer bee.
The killer bee stings you but does no damage. x2
The killer bee stings you.
* * * LOW HITPOINT WARNING * * *
The killer bee stings you but does no damage. x2
The killer bee stings you.
* * * LOW HITPOINT WARNING * * *
The killer bee stings you but does no damage. x2
The killer bee stings you!
* * * LOW HITPOINT WARNING * * *
The killer bee stings you but does no damage. x3
Aiming: Charm
Press: ? - help, Shift-Dir - straight line, f - killer bee, p - killer bee
Aim: a killer bee (chance to affect: 57%)
The killer bee is charmed.
The killer bee stings you.
* * * LOW HITPOINT WARNING * * *
The killer bee stings you but does no damage. x2
The killer bee stings you.
You die...

...........#
...........#
.....!.....
.#........##
........?..#
...........#
#.....yyy..#
#.....†♣...#
#..........#
##........##
##......##
########


You could see 2 killer bees and a friendly killer bee (charmed).

Vanquished Creatures
  A hornet (D:5)
  A wyvern (D:7)
  A swamp worm (D:7)
  3 water moccasins
  A black bear (D:6)
  4 ogres
  An orc warrior (D:6)
  2 phantoms
  A kobold brigand (D:8)
  2 bullfrogs
  4 scorpions
  3 wights (D:7)
  7 killer bees
  2 jellies
  2 orc priests
  3 hounds
  A gnoll bouda (D:4)
  5 iguanas
  4 sleepcaps
  Natasha (thrice) (D:2 D:3)
  2 orc wizards
  8 gnolls
  6 adders
  A shadow imp (D:7)
  3 white imps
  5 ufetubi
  A worm (D:2)
  3 dart slugs
  13 orcs
  8 ball pythons
  8 endoplasms
  6 giant cockroaches
  11 goblins
  9 hobgoblins
  10 jackals
  10 kobolds
  2 quokkas
  4 frilled lizards
  2 quokka zombies (D:3)
  5 rats
168 creatures vanquished.

Vanquished Creatures (others)
  An orc priest (D:5)
  An orc wizard (D:5)
  2 plants (D:7)
4 creatures vanquished.

Grand Total: 172 creatures vanquished

Notes
Turn   | Place    | Note
-------+----------+-------------------------------------------
     0 | D:1      | avis the Hill Orc Transmuter began the quest for the Orb.
     0 | D:1      | Reached XP level 1. HP: 16/16 MP: 3/3
   183 | D:1      | Reached XP level 2. HP: 22/24 MP: 4/4
   421 | D:1      | Reached skill level 4 in Unarmed Combat
   800 | D:1      | Reached XP level 3. HP: 21/29 MP: 5/5
  1083 | D:2      | Learned a level 3 spell: Spider Form
  1221 | D:2      | Reached skill level 1 in Stealth
  1620 | D:2      | Found a runed translucent door.
  1621 | D:2      | Noticed Crazy Yiuf
  1711 | D:2      | Reached XP level 4. HP: 32/36 MP: 6/6
  1856 | D:2      | Noticed Natasha
  1875 | D:2      | Killed Natasha
  2097 | D:2      | Noticed Natasha
  2513 | D:3      | Killed Natasha
  2514 | D:3      | Reached XP level 5. HP: 41/41 MP: 4/8
  2927 | D:3      | Found an ancient bone altar of Kikubaaqudgha.
  3142 | D:3      | Found a basalt altar of Yredelemnul.
  3255 | D:3      | Noticed Natasha
  3261 | D:3      | Killed Natasha
  3846 | D:3      | Learned a level 2 spell: Wereblood
  4057 | D:4      | Noticed an ogre
  4248 | D:4      | Killed an ogre
  4249 | D:4      | Reached skill level 1 in Poison Magic
  4249 | D:4      | Reached XP level 6. HP: 38/48 MP: 5/9
  4355 | D:4      | Learned a level 4 spell: Ice Form
  4648 | D:4      | Reached XP level 7. HP: 15/57 MP: 11/11
  4818 | D:4      | Reached skill level 5 in Unarmed Combat
  4915 | D:4      | Found an opulent altar of Gozag.
  4989 | D:4      | Found a staircase to the Ecumenical Temple.
  5036 | D:4      | Reached skill level 6 in Unarmed Combat
  5174 | Temple   | Entered the Ecumenical Temple
  5239 | D:5      | Entered Level 5 of the Dungeon
  5261 | D:5      | Noticed a hornet
  5263 | D:5      | Became a worshipper of Beogh the Brigand
  5270 | D:5      | Killed a hornet
  5440 | D:5      | Reached skill level 7 in Unarmed Combat
  5748 | D:5      | Found a shimmering altar of Xom.
  5749 | D:5      | Found a hazy altar of Hepliaklqana.
  5750 | D:5      | Noticed a spectral ugly thing
  5847 | D:5      | Reached XP level 8. HP: 57/63 MP: 8/12
  5853 | D:5      | Found an iron altar of Okawaru.
  5900 | D:5      | Reached skill level 8 in Unarmed Combat
  6950 | D:6      | Reached skill level 1 in Ice Magic
  7568 | D:6      | Reached XP level 9. HP: 64/69 MP: 9/13
  7926 | D:7      | Reached * piety under Beogh
  8061 | D:7      | Reached skill level 5 in Fighting
  8304 | D:7      | Found a sparkling altar of Nemelex Xobeh.
  8456 | D:7      | Reached skill level 9 in Unarmed Combat
  8872 | D:7      | Found a hide-covered altar of Uskayaw.
  9184 | D:7      | Upgraded the game from 0.30-a0-879-ga8ba668304 to
                  | 0.30-a0-881-g1ff12e1e11
  9446 | D:7      | Reached skill level 1 in Invocations
  9560 | D:8      | HP: 3/74 [killer bee (9)]
  9576 | D:8      | Reached skill level 10 in Unarmed Combat
 10101 | D:8      | HP: 4/111 [killer bee (4)]
 10101 | D:8      | Slain by a killer bee

Illustrated notes

Levels and vault maps discovered:
D:1:      ncdulo_halloftheorcs, layout_basic, minivault_23
D:2:      minmay_door_path, layout_loops_cross, uniq_natasha,
          uniq_crazy_yiuf_cottage
D:3:      layout_basic, mainiacjoe_overflow_surrounded_room,
          lemuel_zombie_altar_yredelemnul, grunt_decor_clamped, nrook_uturn
D:4:      layout_cave_pools, nicolae_overflow_hidden_temple,
          minmay_temple_entry_hall
D:5:      layout_gridville, regret_index_temple_of_mockery,
          mainiacjoe_overflow_paths
D:6:      layout_rooms
D:7:      layout_basic, nemelex_diamond_rough_becter,
          lemuel_coloured_pillars_altar, dreamdust_wishing_well, worms_lemuel
D:8:      layout_rooms, serial_curves, eino_curves_03, eino_curves_01
Temple:   eino_temple_lava

Skill      XL: |  1  2  3  4  5  6  7  8  9 |
---------------+----------------------------+-----
Fighting       | 2 3 5 |  5.0
Unarmed Combat | 4 7 8 10 | 10.0
Dodging        | 2 3 |  3.0
Stealth        | 1 2 3 |  3.0
Spellcasting   | 2 3 |  3.0
Transmutations | 2 3 4 |  4.0
Poison Magic   | 1 |  1.0
Ice Magic      | 4 |  4.0
Invocations    | 3 |  3.8

Action                     |  1- 3 |  4- 6 |  7- 9 || total
---------------------------+-------+-------+-------++-------
  Melee: Unarmed           |   156 |   105 |   202 ||   463
         Kick              |    12 |     6 |       ||    18
         Headbutt          |     5 |     5 |       ||    10
         Punch             |     2 |       |       ||     2
         Staff             |       |    12 |       ||    12
   Fire: Arbalest          |       |    17 |    92 ||   109
   Cast: Beastly Appendage |    11 |     5 |       ||    16
         Spider Form       |       |    23 |    41 ||    64
         Wereblood         |       |       |     1 ||     1
         Ice Form          |       |       |     3 ||     3
 Invoke: Convert to Beogh  |       |       |     1 ||     1
Ability: End Transformatio |       |       |     1 ||     1
  Evoke: Wand              |       |       |     1 ||     1
    Use: Potion            |       |     1 |    12 ||    13
         Scroll            |       |       |     8 ||     8
   Stab: Sleeping          |       |     1 |       ||     1
 Armour: Robe              |    20 |     5 |     6 ||    31
         Skin              |       |     9 |   119 ||   128
  Dodge: Dodged            |    96 |    99 |   252 ||   447

Table legend: (Time is in decaauts)
 A = Elapsed time spent in this place.
 B = Non-inter-level travel time spent in this place.
 C = Inter-level travel time spent in this place.
 D = Time resting spent in this place.
 E = Time spent auto-exploring this place.
 F = Levels seen in this place.
 G = Mean time per level.
                   A        B        C        D        E       F      G
               +--------+--------+--------+--------+--------+-----+--------+
         Total |  10195 |   8951 |   1244 |   2451 |   4238 |   9 | 1132.8 |
       Dungeon |  10177 |   8933 |   1244 |   2451 |   4238 |   8 | 1272.1 |
        Temple |     17 |     17 |      0 |      0 |      0 |   1 |   17.0 |
               +--------+--------+--------+--------+--------+-----+--------+

Top non-repeatable levels by time:
     D:7: 1982 daAuts
     D:3: 1701 daAuts
     D:2: 1638 daAuts
     D:5: 1454 daAuts
     D:6: 1193 daAuts
     D:1: 1052 daAuts
     D:4: 1036 daAuts
     D:8: 118 daAuts
  Temple: 17 daAuts
